 Dungeon Crawl Stone Soup version 0.29.1-1-gd02db6906a (webtiles) character file.

Game seed: 11700979351567792931

121 mtoz the Conjurer (level 4, -2/24 HPs)
             Began as a Deep Elf Conjurer on Sept 22, 2022.
             Slain by Pargi (6 damage)
             ... on level 3 of the Dungeon.
             The game lasted 00:16:33 (2367 turns).

mtoz the Conjurer (Deep Elf Conjurer)               Turns: 2367, Time: 00:16:33

Health: -2/24      AC:  2    Str:  6    XL:     4   Next: 76%
Magic:  4/12       EV: 13    Int: 23    God:
Gold:   67         SH:  5    Dex: 13    Spells: 8/11 levels left

rFire   . . .      SeeInvis +   (no weapon)
rCold   . . .      Faith    .   (no shield)
rNeg    . . .      Spirit   .   a - +0 robe
rPois   .          Reflect  +   (no helmet)
rElec   .          Harm     .   (no cloak)
rCorr   .          Rampage  .   (no gloves)
Will    .....                   (no boots)
Stlth   ++........              h - amulet of reflection
HPRegen 0.08/turn               e - ring of see invisible
MPRegen 0.13/turn               (no ring)

@: no status effects
A: no striking features
a: no special abilities


You were on level 3 of the Dungeon.
You visited 1 branch of the dungeon, and saw 3 of its levels.

You collected 67 gold pieces.

Inventory:

Hand Weapons
 c - a +5 short sword
 i - a +2 dagger of holy wrath
Armour
 a - a +0 robe (worn)
Jewellery
 e - a ring of see invisible (left hand)
 h - an amulet of reflection (around neck)
 q - an amulet of the acrobat
Wands
 p - a wand of charming (2)
Scrolls
 d - a scroll of immolation
 f - 2 scrolls of enchant armour
 g - 3 scrolls of enchant weapon
 j - a scroll of blinking {unknown}
 k - a scroll of brand weapon {unknown}
 l - a scroll of teleportation {unknown}
 n - a scroll of summoning {unknown}
 o - a scroll of noise {unknown}
Potions
 b - a potion of magic
 m - a potion of flight {unknown}
 r - a potion of brilliance {unknown}


   Skills:
 + Level 3.7 Dodging
 + Level 3.8 Stealth
 + Level 4.2 Spellcasting
 + Level 5.0 Conjurations


You had 8 spell levels left.
You knew the following spells:

 Your Spells              Type           Power      Damage    Failure   Level
a - Magic Dart            Conj           100%       1d8       1%          1
b - Searing Ray           Conj           56%        2d6       1%          2

Your spell library contained the following spells:

 Spells                   Type           Power      Damage    Failure   Level
 Foxfire                  Conj/Fire      64%        2x1d7     3%          1
 Beastly Appendage        Tmut           8%         N/A       11%         1
 Sting                    Tmut/Pois      16%        1d3       11%         1
 Dazzling Flash           Conj/Hex       32%        N/A       11%         3
 Poisonous Vapours        Pois/Air       8%         N/A       16%         2
 Wereblood                Tmut           4%         N/A       16%         2
 Inner Flame              Hex/Fire       4%         N/A       30%         3
 Spider Form              Tmut/Pois      4%         N/A       30%         3
 Fulminant Prism          Conj/Hex       8%         3d7       34%         4
 Iskenderun's Mystic Bla  Conj/Tloc      16%        2d5       34%         4
 Cause Fear               Hex            2%         N/A       71%         4
 Olgreb's Toxic Radiance  Pois           4%         N/A       71%         4
 Discord                  Hex            2%         N/A       100%        8


Dungeon Overview and Level Annotations

Branches:
Dungeon (3/15)

Altars:

Annotations:
D:3 Pargi


Message History

There is a stone staircase leading down here.
Aiming: Magic Dart (safe; 1% risk of failure)
Press: ? - help, Q - select action, (/) - cycle Shift-Dir - straight line, f - Pargi
Aim: Pargi (100% to hit)
Okay, then.
Casting: Magic Dart (safe; 1% risk of failure)
Confirm with . or Enter, or press ? or * to list all spells.
Aiming: Searing Ray (safe; 1% risk of failure)
Press: ? - help, Shift-Dir - straight line
Okay, then.
Okay, then.
Okay, then.
Casting: Searing Ray (safe; 1% risk of failure)
Confirm with . or Enter, or press ? or * to list all spells.
Aiming: Searing Ray (safe; 1% risk of failure)
Press: ? - help, Shift-Dir - straight line, f - Pargi
Aim: Pargi (74% to hit)
The searing ray misses Pargi. (Press . to maintain the ray.)
The searing ray hits Pargi.
Pargi is lightly wounded.
The searing ray hits Pargi!
Pargi is heavily wounded.
Pargi barely misses you. You block Pargi's attack. Pargi claws you.
The searing ray misses Pargi.
You finish channelling your searing ray.
Pargi misses you. Pargi claws you. x2
Casting: Searing Ray (safe; 1% risk of failure)
Confirm with . or Enter, or press ? or * to list all spells.
Aiming: Searing Ray (safe; 1% risk of failure)
Press: ? - help, Shift-Dir - straight line, f/p - Pargi
Aim: Pargi (heavily wounded, 74% to hit)
The searing ray hits Pargi.
Pargi is heavily wounded. (Press . to maintain the ray.) Pargi bites you!
Pargi claws you.
* * * LOW HITPOINT WARNING * * *
Pargi barely misses you.
The searing ray misses Pargi.
Pargi bites you.
You die...

#...# #..........
#####...####...........
###......................
#........................
#.#.###..................
#.#.# #....#....##.......
#.#.# ##>....##.#......##
#.#.# #.....>...........
#.#.# #@#.#.#....#######
##.#.# #T#.....#..# #
#..#.# ........##<# #
#.##.# .#.#.....##..# .
#....##............... #
####### ..#.#...###.#...
..#.#.. .#.##.# ...# .#
## # .


You could see Pargi.

Vanquished Creatures
  Ijyb (D:3)
  Natasha (D:3)
  2 adders (D:2)
  2 worms (D:2)
  A dart slug (D:1)
  2 ball pythons
  6 endoplasms
  3 giant cockroaches
  5 goblins
  6 hobgoblins
  7 kobolds
  A quokka (D:1)
  2 bats
  2 rats
41 creatures vanquished.

Vanquished Creatures (others)
  5 fungi (D:2)
  2 plants (D:2)
7 creatures vanquished.

Grand Total: 48 creatures vanquished

Notes
Turn   | Place    | Note
-------+----------+-------------------------------------------
     0 | D:1      | mtoz the Deep Elf Conjurer began the quest for the Orb.
     0 | D:1      | Reached XP level 1. HP: 10/10 MP: 6/6
   249 | D:1      | Reached XP level 2. HP: 15/15 MP: 6/8
   927 | D:1      | Reached XP level 3. HP: 19/19 MP: 7/10
   930 | D:1      | Learned a level 2 spell: Searing Ray
  1810 | D:2      | Reached XP level 4. HP: 24/24 MP: 5/11
  1881 | D:2      | Found a faded altar of an unknown god.
  1885 | D:2      | Got Plato's Omnibus of the Barrage
  2068 | D:3      | Noticed Ijyb
  2107 | D:3      | Killed Ijyb
  2213 | D:3      | Noticed Pargi
  2296 | D:3      | Reached skill level 5 in Conjurations
  2320 | D:3      | Noticed Natasha
  2323 | D:3      | Killed Natasha
  2367 | D:3      | Slain by Pargi

Illustrated notes

Levels and vault maps discovered:
D:1:      dpeg_arrival_rooms_c, layout_loops_ring, nicolae_figureground_pulse
D:2:      layout_basic, shapermc_ecumenical_altar_rom_forum
D:3:      layout_basic, jmf_multi_god_temple, kennysheep_cluttered_room,
          uniq_ijyb, uniq_natasha, uniq_pargi

Skill      XL: |  1  2  3  4 |
---------------+-------------+-----
Stealth        | 3 |  3.8
Dodging        | 3 |  3.7
Spellcasting   | 4 |  4.2
Conjurations   | 5 |  5.0

Action                   |  1- 3 |  4- 6 || total
-------------------------+-------+-------++-------
Melee: Unarmed           |     1 |       ||     1
 Cast: Magic Dart        |    79 |    13 ||    92
       Searing Ray       |       |     4 ||     4
  Use: Scroll            |     3 |       ||     3
Dodge: Dodged            |     4 |     5 ||     9
Block: Other             |       |     2 ||     2
